 Dungeon Crawl Stone Soup version 0.21-a0-582-g1b93aee (webtiles) character file.

430 vishdafish the Poker (level 6, -16/66 HPs)
             Began as a Demonspawn Skald on Dec 19, 2017.
             Demolished by Crazy Yiuf
             ... wielding a +4 quarterstaff of chaos
              (20 damage)
             ... on level 3 of the Dungeon.
             The game lasted 00:09:31 (4013 turns).

vishdafish the Poker (Demonspawn Skald)             Turns: 4013, Time: 00:09:31

Health: -16/66     AC:  4    Str: 16    XL:     6   Next: 66%
Magic:  5/10       EV: 13    Int: 16    God:
Gold:   127        SH:  0    Dex: 13    Spells: 10/11 levels left

rFire    . . .     SeeInvis .   a - +0 spear
rCold    . . .     Gourm    .   (no shield)
rNeg     . . .     Faith    .   b - +0 leather armour
rPois    .         Spirit   .   (no helmet)
rElec    .         Reflect  .   (no cloak)
rCorr    +         Harm     .   (no gloves)
MR       .....                  p - +0 pair of boots
Stlth    ..........             (no amulet)
HPRegen  0.21/turn              o - ring of wizardry
MPRegen  0.12/turn              s - ring of resist corrosion

@: berserking, lethally poisoned (-16 -> -24), infused, very quick
A: talons 1, powered by death 2
a: no special abilities


You were on level 3 of the Dungeon.
You were not hungry.

You visited 1 branch of the dungeon, and saw 5 of its levels.

You collected 127 gold pieces.

Inventory:

Hand Weapons
 a - a +0 spear (weapon)
Armour
 b - a +0 leather armour (worn)
 p - a +0 pair of boots (worn)
Jewellery
 e - an uncursed ring of fire
 o - a ring of wizardry (left hand)
 s - a ring of resist corrosion (right hand)
Scrolls
 g - a scroll of random uselessness {unknown}
 h - 2 scrolls of enchant weapon {unknown}
 i - a scroll of remove curse {unknown}
 k - a scroll of fear
 q - a scroll of amnesia
 r - a scroll of blinking {unknown}
Potions
 j - a potion of brilliance {unknown}
 l - a potion of might {unknown}
 m - a potion of flight {unknown}
 n - a potion of mutation {unknown}
 u - a potion of heal wounds {unknown}
Books
 c - a book of Battle

   Spells                             Type                      Level
   a - Infusion                       Charms                       1
   b - Shroud of Golubria             Charms/Translocation         2
   c - Song of Slaying                Charms                       2
   d - Spectral Weapon                Hexes/Charms                 3
   e - Regeneration                   Charms/Necromancy            3
Comestibles
 d - 3 rations


   Skills:
 - Level 2.0 Fighting
 * Level 4.3 Polearms
 + Level 2.7 Armour
 + Level 3.2 Dodging
 + Level 3.1 Spellcasting
 - Level 3.0 Charms


You had 10 spell levels left.
You knew the following spells:

 Your Spells              Type           Power        Failure   Level  Hunger
a - Infusion              Chrm           ##..         2%          1    None


Dungeon Overview and Level Annotations

Branches:
Dungeon (5/15)
 Temple: D:4-7

Altars:
Hepliaklqana
Wu Jian

Shops:
D:5 :%

Annotations:
D:3 Crazy Yiuf


Innate Abilities, Weirdness & Mutations

You have sharp toenails.
You regenerate health from kills.


Message History

Crazy Yiuf is almost dead.
Crazy Yiuf hits you with a quarterstaff of chaos.
Crazy Yiuf draws strength from your wounds!
You barely miss Crazy Yiuf.
Crazy Yiuf is almost dead.
Crazy Yiuf hits you with a quarterstaff of chaos!
You are poisoned.
You barely miss Crazy Yiuf.
Crazy Yiuf is almost dead.
You feel sick.
Crazy Yiuf hits you with a quarterstaff of chaos.
* * * LOW HITPOINT WARNING * * *
You convulse.
* * * LOW HITPOINT WARNING * * *
A red film seems to cover your vision as you go berserk!
You feel yourself moving faster!
You feel mighty!
You feel sick.
Crazy Yiuf hits you with a quarterstaff of chaos!
* * * LOW HITPOINT WARNING * * *
You are electrocuted!
You die...

#.###.##.#####....#
#.###.##.## #....#
#.........# ♣..♣.♣
#.....##.## ♣♣...♣
##.#####.## ♣♣.♣♣
##.÷.# #..# ♣♣.♣
#....####### ♣.♣♣
.......# ♣♣.♣
...(...# ♣@♣♣
.......# #g# ######
#....### ... #....#
### ##...# ###
#...# ####.# #..
##.### ##.# #)..#
####.# #.# #...##
##..# ##### #.##<#
#.# .....###...#
#..#.#####.#
.....†.'...#######
##...........
.....###.........#
#...#.#####(#


You could see Crazy Yiuf.

Vanquished Creatures
  An ogre (D:4)
  A crimson imp (D:5)
  A bullfrog skeleton (D:3)
  An iguana (D:5)
  3 worker ants
  Natasha (twice) (D:2)
  4 adders
  An ooze (D:1)
  3 worms
  3 dart slugs
  2 leopard geckos
  7 orcs
  4 giant cockroaches
  6 goblins
  5 hobgoblins
  7 jackals
  3 quokkas
  A ball python (D:3)
  9 bats
  4 frilled lizards
  7 kobolds
  7 rats
82 creatures vanquished.

Notes
Turn   | Place    | Note
-------+----------+-------------------------------------------
     0 | D:1      | vishdafish the Demonspawn Skald began the quest for the Orb.
     0 | D:1      | Reached XP level 1. HP: 16/16 MP: 3/3
   186 | D:1      | Reached skill level 1 in Armour
   212 | D:1      | Reached skill level 2 in Polearms
   235 | D:1      | Gained mutation: You regenerate a little health from kills. [demonic ancestry]
   235 | D:1      | Reached XP level 2. HP: 18/22 MP: 3/5
   791 | D:2      | Gained mutation: You regenerate health from kills. [demonic ancestry]
   791 | D:2      | Reached XP level 3. HP: 22/27 MP: 6/6
  1014 | D:2      | Found a faded altar of an unknown god.
  1077 | D:2      | Noticed Natasha
  1285 | D:2      | Found an ornate altar of the Wu Jian Council.
  1624 | D:2      | Killed Natasha
  1624 | D:2      | Reached skill level 3 in Polearms
  1624 | D:2      | Reached XP level 4. HP: 33/33 MP: 1/7
  1981 | D:2      | Noticed Natasha
  2003 | D:2      | Killed Natasha
  2068 | D:3      | You fall through a shaft for 2 floors!
  2068 | D:5      | Entered Level 5 of the Dungeon
  2068 | D:5      | Found Orchai's Book Shop.
  2072 | D:5      | Found Ydwi's Food Shoppe.
  2077 | D:4      | Noticed an ogre
  2107 | D:5      | Reached XP level 5. HP: 23/38 MP: 2/8
  2703 | D:4      | Gained mutation: You have sharp toenails. [demonic ancestry]
  2703 | D:4      | Reached XP level 6. HP: 21/44 MP: 10/10
  2717 | D:4      | Reached skill level 4 in Polearms
  2748 | D:4      | Found a hazy altar of Hepliaklqana.
  3672 | D:3      | Found a runed door.
  4000 | D:3      | Noticed Crazy Yiuf
  4013 | D:3      | Demolished by Crazy Yiuf

Vault maps used:
D:1:      kilobyte_arrival_exit_the_forest
D:2:      lemuel_doored_altar, chequers_ecumenical_altar_grove,
          serial_park_tiny_1, uniq_natasha
D:3:      first_ration, chequers_big_river, uniq_crazy_yiuf_cottage
D:4:      lemuel_tele_altar
D:5:      serial_shops, nicolae_shop_crystal, kennysheep_little_box, shop,
          shop_statue, shop_fountains, tgw_fedhas

Skill      XL: |  1  2  3  4  5  6 |
---------------+-------------------+-----
Armour         | 1 2 |  2.7
Polearms       | 2 3 4 |  4.3
Dodging        | 2 3 |  3.2
Charms         | 3 |  3.0
Spellcasting   | 3 |  3.1
Fighting       | |  2.0

Action                   |  1- 3 |  4- 6 || total
-------------------------+-------+-------++-------
Melee: Spear             |   182 |   234 ||   416
       Unarmed           |       |     5 ||     5
 Cast: Infusion          |    11 |    11 ||    22
  Use: Scroll            |     1 |     4 ||     5
       Potion            |       |     3 ||     3
 Stab: Sleeping          |     1 |     1 ||     2
       Distracted        |     1 |       ||     1
  Eat: Ration            |     1 |       ||     1
       Chunk             |       |     7 ||     7
Armor: Leather armour    |    46 |    41 ||    87
       Skin              |       |     1 ||     1
Dodge: Dodged            |    99 |   126 ||   225

Table legend:
 A = Spawn XP
 B = Non-spawn XP
 C = Spawn XP percentage of total XP
 D = Spawn monster count
 E = Non-spawn monster count
 F = Spawn count percentage of total count
 G = Total turns spent on level
                    A         B        C        D         E        F      G
               +---------+---------+-------+---------+---------+-------+---------
         Total |       0 |     615 |   0.0 |       0 |      82 |   0.0 |  4013
               +---------+---------+-------+---------+---------+-------+---------
           D:1 |       0 |      39 |   0.0 |       0 |      20 |   0.0 |  1123
           D:2 |       0 |     136 |   0.0 |       0 |      24 |   0.0 |   892
           D:3 |       0 |     106 |   0.0 |       0 |      22 |   0.0 |  1275
           D:4 |       0 |     167 |   0.0 |       0 |       8 |   0.0 |   141
           D:5 |       0 |     167 |   0.0 |       0 |       8 |   0.0 |   582
               +---------+---------+-------+---------+---------+-------+---------
